 Dungeon Crawl Stone Soup version 0.24.0-123-gd5b16e6ec5 (webtiles) character file.

Game seed: 14005926491016429001, levelgen mode: deterministic

322 Curus the Basher (level 6, -4/51 HPs)
             Began as a Minotaur Monk on Jan 20, 2020.
             Slain by Sigmund
             ... wielding a +0 scythe
              (6 damage)
             ... on level 3 of the Dungeon.
             The game lasted 00:09:31 (2128 turns).

Curus the Basher (Minotaur Monk)                    Turns: 2128, Time: 00:09:31

Health: -4/51      AC:  8    Str: 16    XL:     6   Next: 22%
Magic:  5/5        EV:  7    Int:  7    God:
Gold:   268        SH:  0    Dex: 14    Spells: 5/5 levels left

rFire    . . .     SeeInvis .   a - +0 mace
rCold    . . .     Gourm    .   (no shield)
rNeg     . . .     Faith    .   g - +0 chain mail
rPois    .         Spirit   .   (helmet restricted)
rElec    .         Reflect  .   (no cloak)
rCorr    .         Harm     .   (no gloves)
MR       .....                  (no boots)
Stlth    ..........             e - amulet of regeneration
HPRegen  0.57/turn              (no ring)
MPRegen  0.09/turn              (no ring)

@: about to teleport
A: retaliatory headbutt, horns 2
a: no special abilities


You were on level 3 of the Dungeon.
You were not hungry.

You visited 1 branch of the dungeon, and saw 3 of its levels.

You collected 268 gold pieces.

Inventory:

Hand Weapons
 a - a +0 mace (weapon)
Armour
 b - a +0 robe
 d - a +1 scale mail
 g - a +0 chain mail (worn)
Jewellery
 e - an amulet of regeneration (around neck)
 j - an uncursed ring of ice
Wands
 i - a wand of disintegration (14)
Scrolls
 l - 2 scrolls of remove curse
Potions
 f - a potion of magic
Comestibles
 c - 5 rations
 k - 3 chunks of flesh


   Skills:
 - Level 3.6 Fighting
 + Level 8.5 Maces & Flails
 - Level 3.2 Dodging
 - Level 1.5 Stealth


You had 5 spell levels left.
You didn't know any spells.
Your spell library was empty.

Dungeon Overview and Level Annotations

Branches:
Dungeon (3/15)

Altars:

Annotations:
D:3 Sigmund


Innate Abilities, Weirdness & Mutations

You reflexively headbutt those who attack you in melee.
You have a pair of horns on your head.


Message History

* * * LOW HITPOINT WARNING * * *
The orc hits you with a +0 mace.
* * * LOW HITPOINT WARNING * * *
The kobold hits you but does no damage.
As you read the scroll of teleportation, it crumbles to dust.
You feel strangely unstable. The kobold hits you.
* * * LOW HITPOINT WARNING * * *
The kobold barely misses you. You furiously retaliate!
You headbutt the kobold.
You kill the kobold!
The orc hits you but does no damage. Sigmund closely misses you.
You furiously retaliate!
You headbutt Sigmund, but do no damage. You hit Sigmund.
Sigmund is severely wounded.
The kobold hits you.
* * * LOW HITPOINT WARNING * * *
The orc hits you but does no damage.
You barely miss Sigmund.
Sigmund is severely wounded.
Sigmund hits you with a +0 scythe.
You die...

###### ......
########..... ###
#............ ..#
#.........# #.#
#.....@...# #.#
#....@K...# #.#
#....†o...# ..#
#.........#
############........)....
#......................[
#.......................
#.......................
#....^..................
#............#######....


You could see Sigmund, an orc and a kobold.

Vanquished Creatures
  An orc priest (D:2)
  Ijyb (D:3)
  Jessica (D:3)
  4 orc wizards
  Robin (D:3)
  An adder (D:3)
  5 dart slugs (D:1)
  2 leopard geckos
  13 orcs
  7 bats
  2 giant cockroaches (D:1)
  13 goblins
  9 hobgoblins
  8 jackals
  9 kobolds
  2 quokkas (D:3)
  2 ball pythons
  A frilled lizard (D:1)
  7 rats
89 creatures vanquished.

Notes
Turn   | Place    | Note
-------+----------+-------------------------------------------
     0 | D:1      | Curus the Minotaur Monk began the quest for the Orb.
     0 | D:1      | Reached XP level 1. HP: 19/19 MP: 0/0
    19 | D:1      | Reached skill level 4 in Maces & Flails
    25 | D:1      | Reached XP level 2. HP: 26/26 MP: 1/1
   254 | D:1      | Reached skill level 5 in Maces & Flails
   257 | D:1      | Reached XP level 3. HP: 29/31 MP: 2/2
   953 | D:2      | Reached skill level 6 in Maces & Flails
   953 | D:2      | Reached XP level 4. HP: 35/39 MP: 3/3
  1398 | D:2      | Reached skill level 7 in Maces & Flails
  1398 | D:2      | Reached XP level 5. HP: 38/45 MP: 4/4
  1670 | D:3      | Noticed Ijyb
  1681 | D:3      | Killed Ijyb
  1937 | D:3      | Noticed Jessica
  1944 | D:3      | Killed Jessica
  1944 | D:3      | Reached skill level 8 in Maces & Flails
  1955 | D:3      | Reached XP level 6. HP: 47/51 MP: 5/5
  2102 | D:3      | Noticed Robin
  2105 | D:3      | Noticed Sigmund
  2107 | D:3      | Killed Robin
  2126 | D:3      | HP: 2/51 [kobold (3)]
  2128 | D:3      | Slain by Sigmund

Levels and vault maps discovered:
D:1:      lemuel_arrival_lava_pool, layout_basic, minmay_box_of_dots
D:2:      cheibrodos_pilgrimage, layout_basic, solitary_fountain
D:3:      layout_basic, first_ration, uniq_jessica, uniq_sigmund, uniq_robin,
          uniq_ijyb

Skill      XL: |  1  2  3  4  5 |
---------------+----------------+-----
Maces & Flails | 4 5 6 7 8 |  8.5
Fighting       | |  3.6
Dodging        | |  3.2
Stealth        | |  1.5

Action                   |  1- 3 |  4- 6 || total
-------------------------+-------+-------++-------
Melee: Mace              |    81 |   149 ||   230
       Headbutt          |    13 |    20 ||    33
  Use: Scroll            |     5 |     3 ||     8
       Potion            |     5 |     1 ||     6
  Eat: Chunk             |       |     4 ||     4
Armor: Scale mail        |    47 |    32 ||    79
       Chain mail        |       |   124 ||   124
Dodge: Dodged            |    45 |    85 ||   130
